 Dungeon Crawl Stone Soup version 0.30-a0-170-g85af917532 (webtiles) character file.

Game seed: 985678629743557879

7884 qw the Cleaver (level 11, 0/68 HPs)
             Began as a Gargoyle Fighter on Sept 30, 2022.
             Was a Priest of Okawaru.
             Slain by a sun demon (10 damage)
             ... led by a balrug
             ... on level 3 of the Abyss.
             The game lasted 00:03:31 (11089 turns).

qw the Cleaver (Gargoyle Fighter)                  Turns: 11089, Time: 00:03:32

Health: 0/68       AC: 32    Str: 24    XL:     11   Next: 22%
Magic:  14/14      EV:  9    Int:  9    God:    Okawaru [***...]
Gold:   697        SH:  6    Dex:  9    Spells: 10/10 levels left

rFire   . . .      SeeInvis .    q - +4 war axe (freeze)
rCold   . . .      Faith    .    c - +0 buckler
rNeg    + . .      Spirit   .    h - +0 plate armour
rPois   inf        Reflect  .    t - +0 helmet
rElec   +          Harm     .    s - +0 cloak
rCorr   .          Rampage  .    e - +0 pair of gloves
Will    .....                    o - +2 pair of boots {Fly}
Stlth   ..........               (no amulet)
HPRegen 0.21/turn                (no ring)
MPRegen 0.14/turn                (no ring)

@: about to teleport, heroic, flying
A: sickness immunity, AC +8, negative energy resistance 1, electricity
resistance, torment resistance 1, petrification resistance
a: Renounce Religion, Heroism


You were on level 3 of the Abyss.
You worshipped Okawaru.
Okawaru was most pleased with you.
You visited 2 branches of the dungeon, and saw 11 of its levels.
You visited the Abyss 1 time.
You also visited: Sewer.

You collected 697 gold pieces.


Innate Abilities, Weirdness & Mutations

You are immune to sickness and miasma.
Your stone body is resilient. (AC +8)
You are immune to poison.
You resist negative energy. (rN+)
You are resistant to electric shocks. (rElec)
You are resistant to unholy torment.
You are immune to petrification.


   Skills:
 + Level 8.0(13.0) Fighting
 - Level 11.4(16.4) Axes
 - Level 3.4(8.4) Throwing
 - Level 8.2(13.2) Armour
 - Level 1.0(6.0) Dodging
 - Level 5.2(10.2) Shields
 - Level 4.5 Invocations


You had 10 spell levels left.
You didn't know any spells.
Your spell library was empty.

Inventory:

Hand Weapons
 q - a +4 war axe of freezing (weapon)
 Y - a +3 war axe of flaming
Missiles
 n - 5 boomerangs
 r - 7 javelins (quivered)
Armour
 c - a +0 buckler (worn)
 e - a +0 pair of gloves (worn)
 h - a +0 plate armour (worn)
 o - a +2 pair of boots of flying (worn)
 s - a +0 cloak (worn)
 t - a +0 helmet (worn)
Jewellery
 v - a ring of magical power
Scrolls
 a - 5 scrolls of teleportation
 j - 4 scrolls of identify
Potions
 b - 3 potions of mutation
 d - 5 potions of might
 f - 3 potions of resistance
 g - 2 potions of haste
 i - 3 potions of lignification
 k - a potion of cancellation
 l - a potion of heal wounds
 m - 4 potions of curing
 p - a potion of attraction
 u - a potion of flight {unknown}

Dungeon Overview and Level Annotations

Branches:
Dungeon (10/15)            Temple (1/1) D:7           Sewer (visited)
   Lair: D:8-11         Orc: D:9-12

Altars:
Ashenzari
Cheibriados
Elyvilon
Fedhas
Gozag
Hepliaklqana
Kikubaaqudgha
Makhleb
Nemelex Xobeh
Okawaru
Qazlal
Ru
Sif Muna
Trog
Wu Jian
Xom
Yredelemnul
Zin
The Shining One

Shops:
D:2 (   D:8 *


Message History

The balrug is moderately wounded.
The balrug completely misses you.
You slash the balrug! You freeze the balrug!
The balrug is heavily wounded.
The balrug hits you but does no damage.
You hit the balrug. You freeze the balrug.
The balrug is heavily wounded.
The balrug hits you but does no damage.
You barely miss the balrug.
The balrug is heavily wounded.
The balrug hits you but does no damage.
You hit the balrug. You freeze the balrug.
The balrug is severely wounded.
The balrug hits you but does no damage.
You slice the balrug!! You freeze the balrug!
You kill the balrug!
Okawaru is honoured by your kill.
Okawaru will now gift you throwing weapons as you gain piety.
Your base Axes skill increases to level 11!
You slice the sun demon!! You freeze the sun demon!
The sun demon is heavily wounded.
You closely miss the sun demon.
The sun demon is heavily wounded.
You hit the sun demon. You freeze the sun demon.
The sun demon is heavily wounded.
You slash the sun demon! You freeze the sun demon. The sun demon hits you.
You are engulfed in flames!
The sun demon barely misses you.
You slice the sun demon!! You freeze the sun demon.
The sun demon is almost dead.
You barely miss the sun demon. The sun demon closely misses you.
The sun demon hits you!
You are engulfed in flames!
11089 ||| READING 6 scrolls of teleportation.
As you read the scroll of teleportation, it crumbles to dust.
You feel strangely unstable.
You feel the power of the Abyss delaying your translocation!
The sun demon hits you but does no damage. x2
The sun demon hits you!
You die...

# . # #. #.
.# .#.#. # .
...... .#. .
...#.33###. .
. ... ..2.
.... #
....###.####
#..3#3..#...
#...@3..'..#
#...#...#..#
##.###'.....#
#...# ..#...
#... .....#
#. # .#..# ##
. ###... . .
. .# . _ .


You could see 3 sun demons.

Vanquished Creatures
  A balrug (Abyss:3)
  A centaur warrior (D:10)
  A cyclops (D:10)
  Maggie (D:10)
  An efreet (D:10)
  An unseen horror (D:8)
  2 trolls (D:9)
  A wind drake (shapeshifter) (D:10)
  A wyvern (D:9)
  A basilisk (D:10)
  2 water moccasins (D:5)
  A black bear (D:5)
  4 orc warriors
  3 ice beasts
  2 sky beasts (D:7)
  3 centaurs
  2 ogres
  4 kobold brigands
  A bullfrog (D:9)
  A necrophage (D:6)
  A gnoll sergeant (D:8)
  18 wights
  6 killer bees (D:10)
  3 howler monkeys
  9 orc priests
  4 hounds
  3 jellies
  7 iguanas
  6 orc wizards
  3 gnolls (D:8)
  8 adders
  A river rat (D:5)
  3 shadow imps
  3 white imps
  2 ufetubi
  A dart slug (D:1)
  23 orcs
  8 endoplasms
  5 giant cockroaches
  7 hobgoblins
  A quokka (D:5)
  11 ball pythons
  8 bats
  4 frilled lizards
  10 goblins
  26 kobolds
  17 rats
232 creatures vanquished.

Vanquished Creatures (others)
  3 plants (Sewer)
3 creatures vanquished.

Grand Total: 235 creatures vanquished

Notes
Turn   | Place    | Note
-------+----------+-------------------------------------------
     0 | D:1      | qw the Gargoyle Fighter began the quest for the Orb.
     0 | D:1      | Reached XP level 1. HP: 14/14 MP: 1/1
     0 | D:1      | 0 ||| qw: Version: 0.2-a-12-gaebbb33
     0 | D:1      | 0 ||| qw: Game counter: 1606
     0 | D:1      | 0 ||| qw: Always use a shield: true
     0 | D:1      | 0 ||| qw: God list: Okawaru
     0 | D:1      | 0 ||| qw: Allow faded altars: false
     0 | D:1      | 0 ||| qw: Do Orc after D:15 true
     0 | D:1      | 0 ||| qw: Do second Lair branch before Depths: true
     0 | D:1      | 0 ||| qw: Lair rune preference: random
     0 | D:1      | 0 ||| qw: Plans: Normal, Zot:1-4, God:TSO, Crypt, Tomb,
                  | Pan, Slime:5, Hells, Abyss, Orb
     0 | D:1      | 0 ||| PLANNING D:1-11
   132 | D:1      | Reached skill level 2 in Axes
   297 | D:1      | Reached XP level 2. HP: 19/19 MP: 2/2
   595 | D:1      | 595 ||| Stepping ~*~*~tactically~*~*~ (stealth).
   604 | D:1      | 604 ||| Stepping ~*~*~tactically~*~*~ (stealth).
   653 | D:1      | Reached skill level 3 in Axes
   748 | D:1      | Reached XP level 3. HP: 23/23 MP: 3/3
   939 | D:1      | 939 ||| UPGRADING to +0 plate armour.
   949 | D:1      | 949 ||| DROPPING +0 scale mail.
   950 | D:1      | 950 ||| READING scroll labelled EDIKOS PIAD.
   999 | D:1      | 999 ||| READING scroll labelled RANUQYA JILUDD.
  1000 | D:1      | 1000 ||| READING scroll labelled ZOSHEMI XURU.
  1005 | D:1      | 1005 ||| READING scroll labelled WONOIPTI SOXTE.
  1006 | D:1      | 1006 ||| DRINKING 2 sapphire potions.
  1090 | D:2      | Found Ceoh's Antique Weapon Shop.
  1095 | D:2      | 1095 ||| SHOPLISTING runed mace (126 gold, have 95).
  1228 | D:2      | 1228 ||| Stepping ~*~*~tactically~*~*~ (stealth).
  1314 | D:2      | Found a faded altar of an unknown god.
  1735 | D:2      | 1735 ||| SWAPPING to +2 war axe of flaming.
  1736 | D:2      | 1736 ||| DROPPING +0 mace of protection.
  1737 | D:2      | 1737 ||| DROPPING +0 war axe.
  1882 | D:2      | 1882 ||| READING scroll labelled GUAZUS QYZ.
  1883 | D:2      | 1883 ||| READING 4 scrolls labelled VUSIDU ROTY.
  1884 | D:2      | 1884 ||| DRINKING 2 amethyst potions.
  1885 | D:2      | 1885 ||| DROPPING 3 scrolls of butterflies.
  2250 | D:3      | Reached XP level 4. HP: 28/28 MP: 4/4
  2606 | D:3      | Noticed an ogre
  2611 | D:3      | Killed an ogre
  2612 | D:3      | Reached skill level 4 in Axes
  2612 | D:3      | Reached XP level 5. HP: 32/32 MP: 5/5
  2971 | D:3      | 2971 ||| UPGRADING to +0 pair of gloves.
  2976 | D:3      | 2976 ||| READING scroll labelled HON JEEKOABB.
  2977 | D:3      | 2977 ||| READING 2 scrolls of identify.
  2977 | D:3      | 2977 ||| IDENTIFYING viscous clear potion
  3109 | D:4      | Reached skill level 1 in Throwing
  3242 | D:4      | Reached skill level 5 in Axes
  3266 | D:4      | Reached XP level 6. HP: 37/37 MP: 6/6
  3410 | D:4      | 3410 ||| Stepping ~*~*~tactically~*~*~ (hiding).
  3742 | D:4      | 3742 ||| UPGRADING to +0 pair of boots.
  3747 | D:4      | 3747 ||| READING scroll labelled GIZIPP HORIE.
  3748 | D:4      | 3748 ||| READING scroll labelled BUS NYOFAETALA.
  3749 | D:4      | 3749 ||| DRINKING 2 murky golden potions.
  3850 | D:4      | 3850 ||| READING 2 scrolls of identify.
  3850 | D:4      | 3850 ||| IDENTIFYING metallic silvery potion
  3851 | D:4      | 3851 ||| DROPPING potion of ambrosia.
  3913 | D:5      | Entered Level 5 of the Dungeon
  3914 | D:5      | 3914 ||| PLANNING SEWER
  4030 | D:5      | 4030 ||| Stepping ~*~*~tactically~*~*~ (stealth).
  4112 | D:5      | Found a glowing drain.
  4119 | Sewer    | Entered a sewer
  4171 | Sewer    | Reached skill level 6 in Axes
  4221 | Sewer    | 4221 ||| Stepping ~*~*~tactically~*~*~ (water).
  4260 | Sewer    | 4260 ||| Stepping ~*~*~tactically~*~*~ (stealth).
  4270 | Sewer    | Reached XP level 7. HP: 42/43 MP: 7/7
  4304 | Sewer    | 4304 ||| Stepping ~*~*~tactically~*~*~ (water).
  4426 | Sewer    | 4426 ||| DRINKING 2 smoky amethyst potions.
  4427 | Sewer    | 4427 ||| DRINKING 2 bubbling green potions.
  4428 | Sewer    | 4428 ||| DROPPING potion of brilliance.
  4432 | D:5      | 4432 ||| PLANNING D:1-11
  4633 | D:5      | 4633 ||| Stepping ~*~*~tactically~*~*~ (hiding).
  4660 | D:5      | Identified the +0 ring mail of the Stopping Gods {*Corrode
                  | Drain rElec rC++}
  4680 | D:5      | 4680 ||| Stepping ~*~*~tactically~*~*~ (hiding).
  4688 | D:5      | Reached skill level 7 in Axes
  4827 | D:5      | 4827 ||| DRINKING potion of curing.
  4827 | D:5      | 4827 ||| (to cure confusion)
  4830 | D:5      | 4830 ||| Stepping ~*~*~tactically~*~*~ (stealth).
  4840 | D:5      | 4840 ||| Stepping ~*~*~tactically~*~*~ (stealth).
  4893 | D:5      | Reached XP level 8. HP: 50/50 MP: 8/8
  4976 | D:5      | Reached skill level 1 in Dodging
  5603 | D:5      | 5603 ||| READING scroll labelled DORAUK HAROLO.
  5604 | D:5      | 5604 ||| DRINKING 3 red potions.
  5605 | D:5      | 5605 ||| READING 4 scrolls of identify.
  5605 | D:5      | 5605 ||| IDENTIFYING silvery potion
  5606 | D:5      | 5606 ||| READING 3 scrolls of identify.
  5606 | D:5      | 5606 ||| IDENTIFYING sedimented puce potion
  5607 | D:5      | 5607 ||| READING 2 scrolls of identify.
  5607 | D:5      | 5607 ||| IDENTIFYING fizzy inky potion
  5682 | D:5      | 5682 ||| DROPPING potion of magic.
  5689 | D:5      | 5689 ||| STAIRDANCE
  5693 | D:5      | 5693 ||| STAIRDANCE
  5697 | D:5      | 5697 ||| STAIRDANCE
  5701 | D:5      | 5701 ||| STAIRDANCE
  5705 | D:5      | 5705 ||| STAIRDANCE
  5709 | D:5      | 5709 ||| STAIRDANCE
  5713 | D:5      | 5713 ||| STAIRDANCE
  5717 | D:5      | 5717 ||| STAIRDANCE
  5721 | D:5      | 5721 ||| STAIRDANCE
  5725 | D:5      | 5725 ||| STAIRDANCE
  5729 | D:5      | 5729 ||| STAIRDANCE
  5733 | D:5      | 5733 ||| STAIRDANCE
  5737 | D:5      | 5737 ||| STAIRDANCE
  5741 | D:5      | 5741 ||| STAIRDANCE
  5745 | D:5      | 5745 ||| STAIRDANCE
  5749 | D:5      | 5749 ||| STAIRDANCE
  5753 | D:5      | 5753 ||| STAIRDANCE
  5757 | D:5      | 5757 ||| STAIRDANCE
  5761 | D:5      | 5761 ||| STAIRDANCE
  5765 | D:5      | 5765 ||| STAIRDANCE
  5914 | D:4      | Reached skill level 8 in Axes
  6069 | D:6      | Reached skill level 6 in Fighting
  6070 | D:6      | Reached XP level 9. HP: 39/55 MP: 9/9
  6309 | D:6      | Found a glowing golden altar of the Shining One.
  6785 | D:6      | 6785 ||| READING 3 scrolls of identify.
  6785 | D:6      | 6785 ||| IDENTIFYING white potion
  6786 | D:6      | 6786 ||| DROPPING potion of invisibility.
  6805 | D:7      | 6805 ||| PLANNING OSSUARY
  6818 | D:7      | Reached skill level 9 in Axes
  6936 | D:7      | Found a broken altar of Ashenzari.
  6967 | D:7      | Found a staircase to the Ecumenical Temple.
  6978 | D:7      | Identified the +5 hand axe of Dung {vorpal, Will+}
  7019 | D:7      | 7019 ||| Stepping ~*~*~tactically~*~*~ (hiding).
  7020 | D:7      | 7020 ||| Stepping ~*~*~tactically~*~*~ (stealth).
  7054 | D:7      | Reached skill level 6 in Armour
  7085 | D:7      | 7085 ||| Stepping ~*~*~tactically~*~*~ (stealth).
  7090 | D:7      | 7090 ||| Stepping ~*~*~tactically~*~*~ (stealth).
  7093 | D:7      | 7093 ||| Stepping ~*~*~tactically~*~*~ (hiding).
  7108 | D:7      | 7108 ||| Stepping ~*~*~tactically~*~*~ (stealth).
  7150 | D:7      | Found an ancient bone altar of Kikubaaqudgha.
  7179 | D:7      | 7179 ||| Stepping ~*~*~tactically~*~*~ (hiding).
  7406 | D:7      | Found a sand-covered staircase.
  7407 | D:7      | 7407 ||| DROPPING scarf of harm.
  7408 | D:7      | 7408 ||| READING scroll labelled KEEFOE ORODIF.
  7606 | D:7      | 7606 ||| RIP OSSUARY
  7606 | D:7      | 7606 ||| PLANNING TEMPLE
  7606 | D:7      | 7606 ||| READING scroll labelled CEUSAA ORIL.
  7606 | D:7      | Identified a scroll of acquirement
  7606 | D:7      | 7606 ||| ACQUIRING +2 pair of boots of flying
  7606 | D:7      | Acquired a +2 pair of boots of flying
  7608 | D:7      | 7608 ||| UPGRADING to +2 pair of boots of flying.
  7618 | D:7      | 7618 ||| DROPPING +0 pair of boots.
  7666 | Temple   | Entered the Ecumenical Temple
  8144 | Temple   | 8144 ||| PLANNING D:1-11
  8250 | D:8      | 8250 ||| Stepping ~*~*~tactically~*~*~ (hiding).
  8530 | D:8      | Killed an unseen horror
  8751 | D:8      | Found Gowaduy's Gadget Gallery.
  8756 | D:8      | 8756 ||| Stepping ~*~*~tactically~*~*~ (hiding).
  9010 | D:8      | 9010 ||| UPGRADING to +0 cloak.
  9015 | D:8      | 9015 ||| UPGRADING to +0 helmet.
  9020 | D:8      | 9020 ||| READING scroll labelled DIALAL MIEGGA.
  9021 | D:8      | 9021 ||| READING scroll labelled IPA ZIAXASIRO.
  9022 | D:8      | 9022 ||| READING 3 scrolls of identify.
  9022 | D:8      | 9022 ||| IDENTIFYING lumpy green potion
  9023 | D:8      | 9023 ||| DROPPING potion of degeneration.
  9050 | D:9      | Noticed a troll
  9059 | D:9      | Killed a troll
  9060 | D:9      | Reached XP level 10. HP: 43/63 MP: 10/10
  9194 | D:9      | Found an opulent altar of Gozag.
  9242 | D:9      | Found an iron altar of Okawaru.
  9243 | D:9      | 9243 ||| PLANNING OKAWARU WORSHIP
  9245 | D:9      | Found a sparkling altar of Nemelex Xobeh.
  9246 | D:9      | Found a hazy altar of Hepliaklqana.
  9252 | D:9      | Became a worshipper of Warmaster Okawaru
  9253 | D:9      | 9253 ||| PLANNING D:1-11
  9383 | D:9      | Reached skill level 10 in Axes
  9389 | D:9      | 9389 ||| SWAPPING to +4 war axe of freezing.
  9775 | D:9      | Found a blossoming altar of Fedhas.
  9776 | D:9      | 9776 ||| Stepping ~*~*~tactically~*~*~ (hiding).
  9778 | D:9      | 9778 ||| Stepping ~*~*~tactically~*~*~ (hiding).
  9788 | D:9      | HP: 13/64 [orc warrior/+0 vorpal trident (9)]
  9789 | D:9      | 9789 ||| READING 7 scrolls of teleportation.
  9790 | D:9      | 9790 ||| DRINKING potion of heal wounds.
  9802 | D:9      | Reached skill level 3 in Throwing
 10065 | D:9      | 10065 ||| Stepping ~*~*~tactically~*~*~ (stealth).
 10071 | D:9      | 10071 ||| Stepping ~*~*~tactically~*~*~ (stealth).
 10236 | D:10     | Entered Level 10 of the Dungeon
 10310 | D:10     | 10310 ||| Stepping ~*~*~tactically~*~*~ (hiding).
 10312 | D:10     | 10312 ||| Stepping ~*~*~tactically~*~*~ (hiding).
 10314 | D:10     | 10314 ||| Stepping ~*~*~tactically~*~*~ (hiding).
 10315 | D:10     | 10315 ||| Stepping ~*~*~tactically~*~*~ (hiding).
 10322 | D:10     | Reached * piety under Okawaru
 10323 | D:10     | 10323 ||| INVOKING Heroism.
 10366 | D:10     | 10366 ||| Stepping ~*~*~tactically~*~*~ (hiding).
 10370 | D:10     | 10370 ||| INVOKING Heroism.
 10413 | D:10     | Noticed Maggie
 10424 | D:10     | Killed Maggie
 10425 | D:10     | Reached skill level 1 in Invocations
 10577 | D:10     | 10577 ||| Stepping ~*~*~tactically~*~*~ (stealth).
 10578 | D:10     | 10578 ||| Stepping ~*~*~tactically~*~*~ (stealth).
 10581 | D:10     | 10581 ||| INVOKING Heroism.
 10650 | D:10     | 10650 ||| Stepping ~*~*~tactically~*~*~ (hiding).
 10710 | D:10     | 10710 ||| Stepping ~*~*~tactically~*~*~ (stealth).
 10712 | D:10     | 10712 ||| INVOKING Heroism.
 10718 | D:10     | Reached skill level 3 in Invocations
 10904 | D:10     | Noticed a yaktaur captain
 10916 | D:10     | Noticed a centaur warrior
 10917 | D:10     | Noticed a cyclops
 10917 | D:10     | 10917 ||| INVOKING Heroism.
 10921 | D:10     | 10921 ||| Stepping ~*~*~tactically~*~*~ (hiding).
 10926 | D:10     | Killed a centaur warrior
 10926 | D:10     | Reached ** piety under Okawaru
 10928 | D:10     | 10928 ||| Stepping ~*~*~tactically~*~*~ (hiding).
 10935 | D:10     | 10935 ||| INVOKING Heroism.
 10938 | D:10     | Reached XP level 11. HP: 51/68 MP: 10/14
 10942 | D:10     | Killed a cyclops
 11038 | D:10     | Noticed a wizard
 11042 | Abyss:3  | Found a corrupted altar of Lugonu.
 11042 | Abyss:3  | Cast into level 3 of the Abyss (a wizard)
 11067 | Abyss:3  | Noticed a balrug
 11067 | Abyss:3  | Noticed a sun demon
 11067 | Abyss:3  | Noticed a sun demon
 11067 | Abyss:3  | 11067 ||| Stepping ~*~*~tactically~*~*~ (stealth).
 11069 | Abyss:3  | 11069 ||| INVOKING Heroism.
 11069 | Abyss:3  | Noticed a sun demon
 11070 | Abyss:3  | 11070 ||| Stepping ~*~*~tactically~*~*~ (stealth).
 11084 | Abyss:3  | Killed a balrug
 11084 | Abyss:3  | Reached *** piety under Okawaru
 11085 | Abyss:3  | Reached skill level 11 in Axes
 11088 | Abyss:3  | HP: 10/68 [sun demon[a balrug] (17)]
 11089 | Abyss:3  | 11089 ||| READING 6 scrolls of teleportation.
 11089 | Abyss:3  | Slain by a sun demon

Levels and vault maps discovered:
D:1:      minmay_arrival_split_and_join, layout_loops_ring,
          nicolae_figureground_pulse
D:2:      layout_loops_ring, serial_shops, shop,
          hellmonk_ecumenical_altar_crossroads, nicolae_eternal_life
D:3:      layout_loops_corners, nicolae_concentric_dashed_squares_wild,
          grunt_decor_junction, st_stairs_1, kennysheep_generic_room_9
D:4:      minmay_inner_zag, layout_basic
D:5:      layout_loops_ring, gup_sewer_entry_spiral,
          minmay_fractal_squares_gapless_5
D:6:      wander_river, layout_basic, nicolae_tso_carved_into_rock
D:7:      layout_rooms, mainiacjoe_overflow_surrounded_room,
          mainiacjoe_overflow_alcove_2, minmay_temple_entry_offerings,
          enter_ossuary_2, grunt_ministairs_15
D:8:      layout_loops_ring, nicolae_shop_gadgets
D:9:      layout_loops_ring, old_standard_altar, nicolae_overflow_crystal_walls,
          gammafunk_temple_overflow_forgotten
D:10:     wander_kiku_kobolds, layout_stronghold,
          chequers_temple_overflow_minitemple, minmay_evil_grid, uniq_maggie,
          uniq_joseph
Temple:   chequers_temple_sunken
Abyss:3:  base:
D:1

Skill      XL: |  1  2  3  4  5  6  7  8  9 10 11 |
---------------+----------------------------------+-----
Axes           | 2 3 4 5 6 7 8 9 10 11 | 11.4
Throwing       | 1 2 3 |  3.4
Fighting       | 4 5 6 7 8 |  8.0
Armour         | 4 5 6 8 |  8.2
Dodging        | 1 |  1.0
Shields        | 4 5 |  5.2
Invocations    | 4 |  4.5

Action                   |  1- 3 |  4- 6 |  7- 9 | 10-12 || total
-------------------------+-------+-------+-------+-------++-------
Melee: War axe           |   100 |   114 |   218 |   163 ||   595
Throw: Javelin           |       |    25 |    54 |    17 ||    96
       Boomerang         |       |       |     3 |       ||     3
Invok: Heroism           |       |       |       |     7 ||     7
  Use: Scroll            |     6 |     5 |    10 |     2 ||    23
       Potion            |     2 |     1 |     4 |     1 ||     8
Armor: Scale mail        |    36 |       |       |       ||    36
       Plate armour      |    15 |    65 |   189 |   123 ||   392
Dodge: Dodged            |    29 |    20 |    64 |    45 ||   158
Block: Buckler           |     9 |    20 |    42 |    40 ||   111

Table legend:
 A = Non-vault XP
 B = Vault XP
 C = Vault XP percentage of total XP
 D = Non-vault monster count
 E = Vault monster count
 F = Vault count percentage of total count
                 A         B        C        D         E       F
            +---------+---------+-------+---------+---------+-------
      Total |    7988 |    3276 |  29.1 |     177 |      55 |  23.7
            +---------+---------+-------+---------+---------+-------
        D:1 |      34 |       0 |   0.0 |      23 |       0 |   0.0
        D:2 |      13 |       0 |   0.0 |       9 |       0 |   0.0
        D:3 |     173 |       6 |   3.4 |      21 |       4 |  16.0
        D:4 |     197 |      47 |  19.3 |      13 |       4 |  23.5
        D:5 |    1019 |     231 |  18.5 |      21 |      14 |  40.0
        D:6 |     826 |       0 |   0.0 |      24 |       0 |   0.0
        D:7 |     894 |     132 |  12.9 |      13 |       2 |  13.3
        D:8 |     676 |       0 |   0.0 |      11 |       0 |   0.0
        D:9 |    1752 |       0 |   0.0 |      19 |       0 |   0.0
       D:10 |    1183 |    2628 |  69.0 |      22 |       6 |  21.4
    Abyss:3 |    1221 |       0 |   0.0 |       1 |       0 |   0.0
      Sewer |       0 |     232 | 100.0 |       0 |      25 | 100.0
            +---------+---------+-------+---------+---------+-------
